| TOP OF THE 1ST |
|
Reno Aces batting - Pitching for Albuquerque Isotopes : LHP Taek-hyun Kim
|
|
Pitching: LHP Taek-hyun Kim
|
|
|
Batting: RHB Dustin Clark
|
0-0: Ball 1-0: Ball 2-0: Ground out U3 (Groundball, 34, EV 82.5 MPH)
|
|
Batting: RHB Yutaka Oki
|
0-0: Foul Ball, location: 2F 0-1: Called Strike 0-2: Ball 1-2: Strikes out looking
|
|
Batting: LHB Bobby Arevalo
|
0-0: Ball 1-0: Ball 2-0: Ball 3-0: Foul Ball, location: 2F 3-1: Swinging Strike 3-2: SINGLE (Line Drive, 6MD, EV 99.4 MPH)
|
|
Batting: LHB Ian Jarvis
|
0-0: Fly out, F8 (Flyball, 8LM, EV 92.5 MPH)
|
| Top of the 1st over - 0 runs, 1 hit, 0 errors, 1 left on base; Reno 0 - Albuquerque 0 |
| BOTTOM OF THE 1ST |
|
Albuquerque Isotopes batting - Pitching for Reno Aces : RHP Jeff Whaley
|
|
Pitching: RHP Jeff Whaley
|
|
|
Batting: SHB Jamel Wright
|
0-0: Ball 1-0: Foul Ball, location: 2F 1-1: Ball 2-1: Ground out 4-3 (Groundball, 4, EV 80.0 MPH)
|
|
Batting: RHB Chris King
|
0-0: Ground out 5-3 (Groundball, 15, EV 89.4 MPH)
|
|
Batting: SHB Orlando Torres
|
0-0: Ball 1-0: Ball 2-0: Foul Ball, location: 2F 2-1: Ball 3-1: Called Strike 3-2: Base on Balls
|
|
Batting: RHB Adrian Rudkilde
|
0-0: Ball 1-0: SINGLE (Groundball, 34D, EV 98.8 MPH) Orlando Torres to second Runner from 2nd tries for 3rd, SAFE, no throw by RF
|
|
Batting: LHB Alfredo de la Cruz
|
0-0: Ball 1-0: Ball 2-0: Called Strike 2-1: Swinging Strike 2-2: Fly out, F9 (Flyball, 9, EV 87.5 MPH)
|
| Bottom of the 1st over - 0 runs, 1 hit, 0 errors, 2 left on base; Reno 0 - Albuquerque 0 |
| TOP OF THE 2ND |
|
Reno Aces batting - Pitching for Albuquerque Isotopes : LHP Taek-hyun Kim
|
|
Batting: LHB Soo-yeon Kym
|
0-0: Called Strike 0-1: Ball 1-1: Ball 2-1: Swinging Strike 2-2: Foul Ball, location: 2F 2-2: Strikes out swinging
|
|
Batting: LHB Tommy King
|
0-0: Fly out, F9 (Flyball, 9D, EV 98.8 MPH)
|
|
Batting: LHB Rich Butler
|
0-0: Ball 1-0: Called Strike 1-1: Called Strike 1-2: Ball 2-2: Ground out 4-3 (Groundball, 4, EV 86.9 MPH)
|
| Top of the 2nd over - 0 runs, 0 hits, 0 errors, 0 left on base; Reno 0 - Albuquerque 0 |
| BOTTOM OF THE 2ND |
|
Albuquerque Isotopes batting - Pitching for Reno Aces : RHP Jeff Whaley
|
|
Batting: RHB Sadataka Kuwahara
|
0-0: Called Strike 0-1: Called Strike 0-2: Ball 1-2: Strikes out swinging
|
|
Batting: RHB Logan Morgan
|
0-0: Ball 1-0: Swinging Strike 1-1: Fly out, F6 (Line Drive, 6, EV 64.4 MPH)
|
|
Batting: RHB Vinny Estrada
|
0-0: Ball 1-0: Ball 2-0: Foul Ball, location: 2F 2-1: Foul Ball, location: 2F 2-2: Ball 3-2: Strikes out swinging
|
| Bottom of the 2nd over - 0 runs, 0 hits, 0 errors, 0 left on base; Reno 0 - Albuquerque 0 |
| TOP OF THE 3RD |
|
Reno Aces batting - Pitching for Albuquerque Isotopes : LHP Taek-hyun Kim
|
|
Batting: RHB Edgar Garcia
|
0-0: Ball 1-0: Foul Ball, location: 2F 1-1: Ball 2-1: Ball 3-1: Swinging Strike 3-2: Strikes out swinging
|
|
Batting: RHB Jose Sisneros
|
0-0: Called Strike 0-1: Foul Ball, location: 2F 0-2: Strikes out looking
|
|
Batting: RHB Dustin Clark
|
0-0: Ball 1-0: Foul Ball, location: 2F 1-1: Swinging Strike 1-2: Ball 2-2: Ball 3-2: Foul Ball, location: 2F 3-2: Foul Ball, location: 2F 3-2: Base on Balls
|
|
Batting: RHB Yutaka Oki
|
0-0: Called Strike 0-1: Swinging Strike 0-2: Ball Dustin Clark is caught stealing 2nd base 2-4
|
| Top of the 3rd over - 0 runs, 0 hits, 0 errors, 0 left on base; Reno 0 - Albuquerque 0 |
| BOTTOM OF THE 3RD |
|
Albuquerque Isotopes batting - Pitching for Reno Aces : RHP Jeff Whaley
|
|
Batting: RHB Josh Nelson
|
0-0: Swinging Strike 0-1: Ball 1-1: Ball 2-1: Foul Ball, location: 2F 2-2: Ball 3-2: Foul Ball, location: 2F 3-2: Strikes out looking
|
|
Batting: SHB Jamel Wright
|
0-0: Ball 1-0: Called Strike 1-1: Ground out 5-3 (Groundball, 56D, EV 86.2 MPH)
|
|
Batting: RHB Chris King
|
0-0: Swinging Strike 0-1: Called Strike 0-2: Ball 1-2: Ball 2-2: Ball 3-2: Fly out, F8 (Flyball, 8LM, EV 76.2 MPH)
|
| Bottom of the 3rd over - 0 runs, 0 hits, 0 errors, 0 left on base; Reno 0 - Albuquerque 0 |
| TOP OF THE 4TH |
|
Reno Aces batting - Pitching for Albuquerque Isotopes : LHP Taek-hyun Kim
|
|
Batting: RHB Yutaka Oki
|
0-0: Ball 1-0: Ball 2-0: SINGLE (Groundball, 6MD, EV 96.9 MPH)
|
|
Batting: LHB Bobby Arevalo
|
0-0: Called Strike 0-1: SINGLE (Line Drive, 4MD, EV 106.2 MPH) Yutaka Oki to second
|
|
Batting: LHB Ian Jarvis
|
0-0: Swinging Strike 0-1: Swinging Strike 0-2: Ball 1-2: Ball 2-2: Foul Ball, location: 2F 2-2: Strikes out swinging
|
|
Batting: LHB Soo-yeon Kym
|
0-0: Ball 1-0: Foul Ball, location: 2F 1-1: Ball 2-1: Swinging Strike 2-2: Foul Ball, location: 2F 2-2: Ball 3-2: Strikes out swinging
|
|
Batting: LHB Tommy King
|
0-0: Ball 1-0: Ball 2-0: Ball 3-0: Called Strike 3-1: Base on Balls Yutaka Oki to third Bobby Arevalo to second
|
|
Batting: LHB Rich Butler
|
0-0: Ball 1-0: Ball 2-0: Foul Ball, location: 2F 2-1: Swinging Strike 2-2: Ball 3-2: Base on Balls Yutaka Oki scores Bobby Arevalo to third Tommy King to second
|
|
Batting: RHB Edgar Garcia
|
0-0: Fly out, F9 (Flyball, 9S, EV 83.1 MPH)
|
| Top of the 4th over - 1 run, 2 hits, 0 errors, 3 left on base; Reno 1 - Albuquerque 0 |
| BOTTOM OF THE 4TH |
|
Albuquerque Isotopes batting - Pitching for Reno Aces : RHP Jeff Whaley
|
|
Batting: SHB Orlando Torres
|
0-0: Swinging Strike 0-1: Ball 1-1: Called Strike 1-2: Ball 2-2: Foul Ball, location: 2F 2-2: Foul Ball, location: 2F 2-2: Strikes out looking
|
|
Batting: RHB Adrian Rudkilde
|
0-0: Swinging Strike 0-1: Ball 1-1: Ball 2-1: Ball 3-1: Ground out 6-3 (Groundball, 6, EV 108.8 MPH)
|
|
Batting: LHB Alfredo de la Cruz
|
0-0: Ball 1-0: Ball 2-0: Called Strike 2-1: SINGLE (Groundball, 6S, EV 71.9 MPH) (infield hit)
|
|
Batting: RHB Sadataka Kuwahara
|
0-0: Ball 1-0: Fly out, F8 (Flyball, 8LM, EV 91.2 MPH)
|
| Bottom of the 4th over - 0 runs, 1 hit, 0 errors, 1 left on base; Reno 1 - Albuquerque 0 |
| TOP OF THE 5TH |
|
Reno Aces batting - Pitching for Albuquerque Isotopes : LHP Taek-hyun Kim
|
|
Batting: RHB Jose Sisneros
|
0-0: Called Strike 0-1: Fly out, F2 (Popup, 23F, EV 89.4 MPH)
|
|
Batting: RHB Dustin Clark
|
0-0: Ball 1-0: Swinging Strike 1-1: Fly out, F8 (Flyball, 8RM, EV 78.8 MPH)
|
|
Batting: RHB Yutaka Oki
|
0-0: SINGLE (Groundball, 4D, EV 109.4 MPH)
|
|
Batting: LHB Bobby Arevalo
|
0-0: Foul Ball, location: 2F 0-1: Fly out, F7 (Flyball, 7D, EV 95.6 MPH)
|
| Top of the 5th over - 0 runs, 1 hit, 0 errors, 1 left on base; Reno 1 - Albuquerque 0 |
| BOTTOM OF THE 5TH |
|
Albuquerque Isotopes batting - Pitching for Reno Aces : RHP Jeff Whaley
|
|
Batting: RHB Logan Morgan
|
0-0: Called Strike 0-1: Fly out, F8 (Flyball, 8RD, EV 107.5 MPH)
|
|
Batting: RHB Vinny Estrada
|
0-0: Ground out U3 (Groundball, 3S, EV 80.6 MPH)
|
|
Batting: RHB Josh Nelson
|
0-0: Foul Ball, location: 2F 0-1: Ball 1-1: Ball 2-1: Called Strike 2-2: Ball 3-2: Ground out 6-3 (Groundball, 6, EV 80.6 MPH)
|
| Bottom of the 5th over - 0 runs, 0 hits, 0 errors, 0 left on base; Reno 1 - Albuquerque 0 |
| TOP OF THE 6TH |
|
Reno Aces batting - Pitching for Albuquerque Isotopes : LHP Taek-hyun Kim
|
|
Batting: LHB Ian Jarvis
|
0-0: Called Strike 0-1: Called Strike 0-2: Ball 1-2: Strikes out looking
|
|
Batting: LHB Soo-yeon Kym
|
0-0: SINGLE (Line Drive, 89S, EV 113.1 MPH)
|
|
Batting: LHB Tommy King
|
0-0: Fly out, F9 (Flyball, 9LS, EV 80.6 MPH)
|
|
Batting: LHB Rich Butler
|
0-0: Ball 1-0: Ball 2-0: Ball 3-0: Called Strike 3-1: Base on Balls Soo-yeon Kym to second
|
|
Pitching: RHP Johnathan Starr
|
|
|
Batting: RHB Edgar Garcia
|
0-0: Fly out, F4 (Popup, 34, EV 51.2 MPH)
|
| Top of the 6th over - 0 runs, 1 hit, 0 errors, 2 left on base; Reno 1 - Albuquerque 0 |
| BOTTOM OF THE 6TH |
|
Albuquerque Isotopes batting - Pitching for Reno Aces : RHP Jeff Whaley
|
|
Batting: SHB Jamel Wright
|
0-0: Ball 1-0: Called Strike 1-1: Ball 2-1: Ball 3-1: DOUBLE (Flyball, 7LD, EV 87.5 MPH)
|
|
Batting: RHB Chris King
|
0-0: Called Strike 0-1: Swinging Strike 0-2: Foul Ball, location: 2F 0-2: Ball 1-2: Ball 2-2: Foul Ball, location: 2F 2-2: Ball 3-2: SINGLE (Groundball, 25, EV 63.1 MPH) (infield hit) Jamel Wright to third
|
|
Batting: SHB Orlando Torres
|
0-0: Called Strike 0-1: Ball 1-1: Foul Ball, location: 2F 1-2: Ball 2-2: Strikes out looking
|
|
Batting: RHB Adrian Rudkilde
|
0-0: Reached on error, E1 (Groundball, P, EV 76.2 MPH) Jamel Wright scores Chris King to second
|
|
Batting: LHB Alfredo de la Cruz
|
0-0: Swinging Strike 0-1: Called Strike 0-2: Ball 1-2: Foul Ball, location: 2F 1-2: SINGLE (Groundball, 34S, EV 67.5 MPH) (infield hit) Chris King to third Adrian Rudkilde to second
|
|
Batting: RHB Sadataka Kuwahara
|
0-0: Called Strike 0-1: Ball 1-1: Ball 2-1: Foul Ball, location: 2F 2-2: Ball 3-2: Strikes out looking
|
|
Pitching: RHP Kyle Bradley
|
|
|
Batting: RHB Logan Morgan
|
0-0: Foul Ball, location: 2F 0-1: Ball 1-1: Swinging Strike 1-2: Ball 2-2: Foul Ball, location: 2F 2-2: Foul Ball, location: 2F 2-2: Strikes out looking
|
| Bottom of the 6th over - 1 run, 3 hits, 1 error, 3 left on base; Reno 1 - Albuquerque 1 |
| TOP OF THE 7TH |
|
Reno Aces batting - Pitching for Albuquerque Isotopes : RHP Johnathan Starr
|
|
Pinch Hitting: RHB Jesus Galvan
|
0-0: Called Strike 0-1: Called Strike 0-2: Foul Ball, location: 2F 0-2: Strikes out swinging
|
|
Batting: RHB Dustin Clark
|
0-0: Called Strike 0-1: Hit by Pitch
|
|
Batting: RHB Yutaka Oki
|
0-0: Ball 1-0: Ball Dustin Clark is caught stealing 2nd base 2-4 2-0: Ball 3-0: Called Strike 3-1: Foul Ball, location: 2F 3-2: Base on Balls
|
|
Batting: LHB Bobby Arevalo
|
0-0: Ball Yutaka Oki steals 2nd base 1-0: Ball 2-0: Ball 3-0: Called Strike 3-1: Called Strike 3-2: Base on Balls
|
|
Batting: LHB Ian Jarvis
|
0-0: Foul Ball, location: 2F 0-1: Called Strike 0-2: DOUBLE (Line Drive, 9LD, EV 106.2 MPH) Yutaka Oki scores Bobby Arevalo to third Runner from 3rd tries for Home, SAFE, throw by RF to trailing runner, SAFE at third!
|
|
Batting: LHB Soo-yeon Kym
|
0-0: Ball 1-0: 2-RUN HOME RUN (Flyball, 78XD, EV 101.9 MPH), Distance : 415 ft
|
|
Pitching: RHP Justin Judson
|
|
|
Batting: LHB Tommy King
|
0-0: Fly out, F8 (Flyball, 8RM, EV 91.2 MPH)
|
| Top of the 7th over - 4 runs, 2 hits, 0 errors, 0 left on base; Reno 5 - Albuquerque 1 |
| BOTTOM OF THE 7TH |
|
Albuquerque Isotopes batting - Pitching for Reno Aces : RHP Kyle Bradley
|
|
Now at SS: Jonathan Lugo
|
|
|
Batting: RHB Vinny Estrada
|
0-0: Ball 1-0: Ball 2-0: Called Strike 2-1: Swinging Strike 2-2: Foul Ball, location: 2F 2-2: Ball 3-2: Foul Ball, location: 2F 3-2: SINGLE (Line Drive, 8LS, EV 108.8 MPH)
|
|
Batting: RHB Josh Nelson
|
Pickoff Throw to First - Error! E1 Vinny Estrada to second 0-0: Ball 1-0: Ball 2-0: Ball 3-0: Called Strike 3-1: Foul Ball, location: 2F 3-2: Ground out 6-3 (Groundball, 6MS, EV 83.8 MPH) Vinny Estrada to third
|
|
Batting: SHB Jamel Wright
|
0-0: Called Strike 0-1: Swinging Strike 0-2: Strikes out swinging
|
|
Batting: RHB Chris King
|
0-0: Ball 1-0: Called Strike 1-1: Ball 2-1: Foul Ball, location: 2F 2-2: Ball 3-2: Fly out, F8 (Flyball, 89D, EV 92.5 MPH)
|
| Bottom of the 7th over - 0 runs, 1 hit, 1 error, 1 left on base; Reno 5 - Albuquerque 1 |
| TOP OF THE 8TH |
|
Reno Aces batting - Pitching for Albuquerque Isotopes : RHP Justin Judson
|
|
Batting: LHB Rich Butler
|
0-0: Ball 1-0: Ball 2-0: Fly out, F4 (Popup, 4, EV 66.2 MPH)
|
|
Batting: RHB Edgar Garcia
|
0-0: Called Strike 0-1: Foul Ball, location: 2F 0-2: Foul Ball, location: 2F 0-2: Ball 1-2: Strikes out looking
|
|
Batting: RHB Jonathan Lugo
|
0-0: Foul Ball, location: 2F 0-1: Ball 1-1: Swinging Strike 1-2: Ball 2-2: SOLO HOME RUN (Flyball, 7LD, EV 93.1 MPH), Distance : 365 ft
|
|
Batting: RHB Dustin Clark
|
0-0: Ball 1-0: Swinging Strike 1-1: Called Strike 1-2: Foul Ball, location: 2F 1-2: Foul Ball, location: 2F 1-2: Ball 2-2: Strikes out swinging
|
| Top of the 8th over - 1 run, 1 hit, 0 errors, 0 left on base; Reno 6 - Albuquerque 1 |
| BOTTOM OF THE 8TH |
|
Albuquerque Isotopes batting - Pitching for Reno Aces : RHP Kyle Bradley
|
|
Batting: SHB Orlando Torres
|
0-0: Ball 1-0: Called Strike 1-1: Ground out U3 (Groundball, 3, EV 99.4 MPH)
|
|
Batting: RHB Adrian Rudkilde
|
0-0: Foul Ball, location: 2F 0-1: Ball 1-1: Ball 2-1: Fly out, F8 (Flyball, 8RD, EV 95.6 MPH)
|
|
Batting: LHB Alfredo de la Cruz
|
0-0: Called Strike 0-1: Called Strike 0-2: Strikes out looking
|
| Bottom of the 8th over - 0 runs, 0 hits, 0 errors, 0 left on base; Reno 6 - Albuquerque 1 |
| TOP OF THE 9TH |
|
Reno Aces batting - Pitching for Albuquerque Isotopes : RHP Justin Judson
|
|
Batting: RHB Yutaka Oki
|
0-0: Ball 1-0: Ball 2-0: SINGLE (Groundball, P, EV 90.6 MPH) (infield hit)
|
|
Batting: LHB Bobby Arevalo
|
0-0: Ball 1-0: Ball 2-0: SINGLE (Groundball, 56D, EV 104.4 MPH) Yutaka Oki to second
|
|
Batting: LHB Ian Jarvis
|
0-0: Ball 1-0: Fly out, F8 (Flyball, 8LM, EV 95.0 MPH)
|
|
Batting: LHB Soo-yeon Kym
|
0-0: Called Strike 0-1: Swinging Strike 0-2: Ball 1-2: Foul Ball, location: 2F 1-2: Strikes out swinging
|
|
Batting: LHB Tommy King
|
0-0: Ball 1-0: Ball 2-0: Called Strike 2-1: Foul Ball, location: 2F 2-2: Fly out, F8 (Flyball, 8LM, EV 86.2 MPH)
|
| Top of the 9th over - 0 runs, 2 hits, 0 errors, 2 left on base; Reno 6 - Albuquerque 1 |
| BOTTOM OF THE 9TH |
|
Albuquerque Isotopes batting - Pitching for Reno Aces : RHP Kyle Bradley
|
|
Pitching: LHP Nate Ciccarelli
|
|
|
Batting: RHB Sadataka Kuwahara
|
0-0: Ball 1-0: Ball 2-0: Called Strike 2-1: Foul Ball, location: 2F 2-2: Ball 3-2: Base on Balls
|
|
Batting: RHB Logan Morgan
|
0-0: Ball 1-0: Fielders Choice at 2nd, 3-6 (Groundball, 3S, EV 82.5 MPH)
|
|
Batting: RHB Vinny Estrada
|
0-0: Ball 1-0: Fly out, F8 (Flyball, 8RM, EV 80.6 MPH)
|
|
Batting: RHB Josh Nelson
|
0-0: Called Strike 0-1: Ball 1-1: Fielders Choice at 2nd, 5-4 (Groundball, 56, EV 77.5 MPH)
|
| Bottom of the 9th over - 0 runs, 0 hits, 0 errors, 1 left on base; Reno 6 - Albuquerque 1 |
|